Map: Acid Plant LE

Players

Serral - Winner!

  • Race: Zerg Zerg
  • Spawn Location: 11:00

Stephano

  • Race: Zerg Zerg
  • Spawn Location: 5:00

Event: WCS Montreal 2018

VOD

Have the link to the VOD?

Description

Time

  • Played on: Sept. 7, 2018, 7:19 p.m.
  • Length: 9:27

All games in this series

Show
View Real Time Build Order
Export as new Build Order

Serral Zerg - Winner!

Build Orders: Hatch First 

Get SALT Encoding   

  12  0:00  Drone  
  13  0:12  Overlord  
  13  0:17  Drone  
  14  0:31  Drone x2  
  16  0:48  Hatchery  
  15  0:51  Drone  
  15  0:56  Drone  
  17  0:59  Drone  
  18  1:10  Extractor  
  17  1:13  Spawning Pool  
  17  1:17  Drone  
  17  1:20  Drone  
  18  1:28  Drone  
  19  1:39  Drone  
  20  1:49  Drone  
  21  2:00  Queen x2  
  21  2:01  Overlord  
  25  2:05  Drone  
  26  2:09  Metabolic Boost  
  26  2:11  Drone  
  26  2:12  Drone  
  28  2:23  Drone x2  
  30  2:33  Hatchery  
  30  2:36  Zergling x2  
  30  2:39  Zergling x2  
  31  2:45  Baneling Nest  
  31  2:48  Overlord  
  31  2:50  Drone  
  31  2:54  Drone  
  31  2:55  Drone  
  33  3:05  Drone x2  
  35  3:08  Drone  
  35  3:09  Drone x3  
  39  3:12  Overlord  
  39  3:17  Zergling x2  
  39  3:19  Zergling x2  
  41  3:20  Zergling x2  
  42  3:30  Overlord  
  42  3:32  Baneling  
  42  3:33  Queen  
  44  3:35  Drone  
  44  3:40  Evolution Chamber  
  44  3:41  Overlord  
  44  3:46  Drone x4  
  48  3:49  Drone  
  48  3:50  Drone  
  48  3:53  Drone  
  51  3:58  Drone x2  
  51  4:01  Drone  
  54  4:06  Zerg Missile Weapons Level 1  
  54  4:07  Drone  
  55  4:10  Drone x2  
  55  4:12  Overlord  
  55  4:13  Drone x2  
  59  4:19  Zergling x2  
  59  4:20  Baneling  
  59  4:22  Lair  
  59  4:23  Extractor, Drone x2  
  59  4:24  Extractor  
  59  4:29  Drone  
  59  4:30  Drone, Roach Warren  
  60  4:33  Drone  
  62  4:38  Zergling x2  
  62  4:39  Drone x3  
  65  4:48  Drone  
  65  4:49  Overlord, Drone x2  
  65  4:50  Drone x5  
  73  4:58  Overlord, Drone  
  74  5:01  Pneumatized Carapace  
  74  5:02  Overlord, Extractor x2  
  74  5:04  Extractor, Drone x2  
  73  5:14  Drone x3  
  73  5:20  Drone  
  73  5:21  Overseer  
  76  5:25  Drone x2  
  76  5:28  Drone  
  79  5:29  Roach x5  
  79  5:31  Glial Reconstitution  
  79  5:35  Overlord  
  89  5:36  Hatchery  
  89  5:38  Overlord  
  89  5:40  Roach x2  
  92  5:47  Evolution Chamber  
  89  5:53  Roach x7  
  102  5:58  Overlord  
  102  6:03  Overlord  
  102  6:04  Overlord  
  101  6:06  Roach x3  
  105  6:14  Zerg Missile Weapons Level 2  
  105  6:16  Zerg Ground Armor Level 1  
  105  6:17  Drone x3  
  107  6:19  Drone  
  107  6:24  Drone x2  
  110  6:28  Roach  
  110  6:32  Roach x2  
  116  6:36  Ravager x4  
  120  6:44  Roach x8  
  120  6:45  Unknown  
  136  6:49  Overseer  
  136  6:51  Overlord x3  
  136  6:52  Overlord  
  136  6:56  Roach  
  136  7:00  Queen  
  140  7:02  Roach  
  140  7:04  Tunneling Claws  
  140  7:05  Overlord, Burrow  
  142  7:08  Overlord  
  142  7:12  Overlord  
  142  7:21  Roach  
  142  7:22  Roach x6  
  156  7:27  Roach x4  
  164  7:33  Roach x3  
  164  7:36  Roach x3  
  176  7:43  Roach x4  
  182  7:55  Roach x8  
  186  8:06  Roach x6  
  178  8:14  Roach x22  
  178  8:19  Roach x10  
  190  8:25  Roach x4  
  190  8:27  Ravager  
  190  8:29  Roach  
  190  8:35  Roach x4  
  190  8:43  Roach x5  
  190  8:47  Roach  
  190  8:48  Roach x2  
  186  8:53  Roach x2  
  176  8:57  Roach x19  
  176  8:58  Extractor  
  176  8:59  Roach x3  
  176  9:02  Roach x8  
  168  9:05  Roach x5  
  168  9:07  Roach x4  
  176  9:10  Ravager x2  
Show
View Real Time Build Order
Export as new Build Order

Stephano Zerg 

Build Orders: Hatch First 

Get SALT Encoding   

  12  0:01  Drone  
  13  0:12  Overlord  
  13  0:17  Drone  
  14  0:31  Drone x2  
  16  0:47  Hatchery  
  15  0:51  Drone  
  15  0:55  Drone  
  17  0:59  Drone  
  18  1:08  Extractor  
  17  1:13  Spawning Pool  
  17  1:17  Drone  
  17  1:20  Drone  
  18  1:29  Drone  
  19  1:41  Drone  
  20  1:49  Drone  
  21  1:59  Drone  
  21  2:00  Queen x2  
  21  2:01  Overlord  
  26  2:10  Drone  
  26  2:11  Drone  
  26  2:12  Metabolic Boost  
  28  2:23  Zergling x2  
  28  2:24  Drone  
  30  2:33  Hatchery  
  29  2:39  Queen  
  29  2:44  Overlord  
  31  2:47  Drone  
  31  2:51  Drone  
  33  2:54  Baneling Nest  
  33  2:55  Drone  
  33  2:59  Zergling x2  
  33  3:03  Drone  
  35  3:06  Zergling x2  
  35  3:08  Overlord  
  36  3:14  Drone x2  
  36  3:15  Drone  
  39  3:21  Drone  
  39  3:22  Drone  
  41  3:32  Zergling x4  
  43  3:37  Drone x2  
  43  3:39  Baneling x2  
  43  3:40  Drone  
  46  3:43  Drone x2  
  48  3:49  Zergling x2  
  48  3:50  Zergling x4  
  48  3:52  Queen  
  48  3:55  Drone  
  54  3:56  Drone  
  54  3:59  Drone x3  
  54  4:01  Extractor x2  
  54  4:02  Drone  
  57  4:09  Drone  
  58  4:12  Lair  
  58  4:15  Overlord  
  58  4:20  Roach Warren  
  58  4:22  Drone, Evolution Chamber  
  56  4:24  Overlord  
  56  4:26  Baneling  
  56  4:35  Drone x6  
  56  4:36  Drone x3  
  65  4:44  Drone x3  
  68  4:50  Drone x2  
  70  4:53  Zerg Missile Weapons Level 1, Drone  
  71  5:00  Extractor, Drone x3  
  71  5:01  Extractor  
  71  5:05  Overlord  
  71  5:06  Drone x2  
  74  5:13  Glial Reconstitution  
  74  5:23  Extractor  
  74  5:24  Drone x2  
  74  5:25  Drone x3, Evolution Chamber  
  74  5:28  Drone x3  
  80  5:29  Drone  
  80  5:30  Hatchery, Pneumatized Carapace  
  80  5:31  Overseer  
  80  5:32  Roach  
  82  5:40  Overlord  
  80  6:00  Overlord  
  80  6:01  Overlord  
  80  6:04  Overlord x3  
  78  6:05  Roach x2  
  78  6:06  Roach x3  
  88  6:13  Overlord  
  88  6:14  Roach  
  88  6:15  Roach  
  88  6:16  Zerg Ground Armor Level 1  
  89  6:21  Roach x3  
  95  6:29  Roach x5  
  105  6:33  Roach  
  105  6:34  Roach x5  
  117  6:40  Roach  
  117  6:41  Roach x2  
  123  6:48  Drone x2  
  123  6:49  Drone x2  
  123  6:51  Tunneling Claws  
  123  6:52  Burrow  
  127  6:54  Roach x4  
  135  7:05  Overlord x3  
  135  7:11  Overlord  
  135  7:15  Overseer  
  135  7:19  Overlord  
  135  7:24  Ravager x6  
  135  7:25  Roach x5  
  151  7:30  Roach x2  
  151  7:31  Roach x2  
  159  7:44  Roach x4  
  165  7:56  Roach x5  
  164  8:03  Roach x5  
  164  8:08  Roach x3  
  164  8:11  Roach  
  164  8:12  Roach x22  
  165  8:20  Roach x8  
  165  8:24  Roach x8  
  167  8:30  Overlord x2  
  167  8:36  Roach x2  
  161  8:42  Roach  
  161  8:43  Roach x4  
  161  8:45  Roach  
  161  8:47  Roach x5  
  157  8:50  Roach  
  157  8:55  Roach x2  
  143  8:56  Roach x12  
  143  8:59  Roach x6  
  143  9:02  Roach  
  139  9:05  Roach  
  135  9:15  Ravager x3  
Tags
 
Add a new tag
Caveats
  • Supply blocks, unpowered buildings, or Contaminate may cause inaccurate times.
  • Supply counts are checked every 10 seconds.